AoeStats
← 海峡

Black Forest

508409744Analyzed
4v4 RM · 11d ago on Sep 22, 2026· 53m 43s· 8 players
Game mode
Random Map
Map size
Large (8 player)
Population
200
Speed
Normal
Resources
Standard
Victory
Conquest
Starting age
Dark Age
Ending age
Imperial Age
RankedLock teamsTeams togetherTeam positionsShared explorationLock speedFull tech treeHidden civsTurbo modeCheats
Victory
Defeat
🇨🇳 Goths · China
1467
+8
🇨🇳 Mongols · China
1259
+16
🇨🇳 Teutons · China
1189
+19
🇨🇳 Turks · China
1180
+18
🇹🇷 Gurjaras · Türkiye
1307
-17
🇹🇼 Persians · Taiwan
1296
-17
🇩🇪 Huns · Germany
1246
-15
🇨🇦 Chinese · Canada
1177
-12
还有遗憾吗
3:35 Loom
9:34 Loom
13:27 Feudal Age
17:44 Castle Age
22:16 Horse Collar
22:24 Double-Bit Axe
32:19 Imperial Age
30:07 Bow Saw
30:49 Gold Mining
31:55 Forging
31:45 Scale Mail Armor
32:27 Heavy Plow
33:12 Gold Shaft Mining
32:42 Squires
32:29 Arson
33:38 Stone Mining
36:55 Iron Casting
36:35 Chain Mail Armor
38:55 Blast Furnace
39:35 Plate Mail Armor
50:59 Two-Man Saw
50:53 Ballistics
50:13 Treadmill Crane
50:58 Ballistics
50:36 Murder Holes
50:27 Arrowslits
51:30 Masonry
52:27 Conscription
52:07 Artillery
52:48 Hoardings
偷看阿姨洗澡
10:25 Feudal Age
9:34 Loom
14:07 Castle Age
12:25 Double-Bit Axe
12:33 Horse Collar
12:48 Loom
20:36 Fletching
22:09 Bodkin Arrow
23:18 Padded Archer Armor
28:59 Imperial Age
28:34 Bow Saw
28:41 Leather Archer Armor
28:24 Gold Mining
29:22 Ballistics
29:45 Bloodlines
31:20 Conscription
35:07 Wheelbarrow
35:48 Chemistry
36:39 Hand Cart
37:19 Husbandry
39:10 Parthian Tactics
39:24 Bracer
41:38 Thumb Ring
42:44 Elite Mangudai
43:41 Masonry
43:27 Murder Holes
44:15 Gold Shaft Mining
43:30 Stone Mining
44:53 Heavy Plow
46:48 Siege Engineers
新手村天幕星
2:58 Loom
19:09 Feudal Age
20:16 Double-Bit Axe
20:14 Horse Collar
20:53 Stone Mining
21:11 Town Watch
23:51 Castle Age
28:28 Wheelbarrow
34:08 Gold Mining
34:33 Bow Saw
34:35 Heavy Plow
37:58 Stone Shaft Mining
40:27 Imperial Age
39:06 Coinage
39:14 Hand Cart
42:59 Two-Man Saw
42:06 Fletching
43:22 Banking
44:17 Conscription
44:27 Scale Mail Armor
44:37 Forging
44:24 Bodkin Arrow
45:10 Squires
44:55 Arson
44:33 Pikeman
46:16 Chain Mail Armor
46:37 Iron Casting
45:51 Halberdier
48:43 Hoardings
48:43 Plate Mail Armor
49:30 Town Patrol
51:05 Masonry
51:00 Siege Engineers
51:16 Ballistics
51:57 Chemistry
海峡
2:35 Loom
9:30 Feudal Age
9:41 Man-at-Arms
15:11 Double-Bit Axe
17:37 Fishing Lines
20:28 Fletching
22:47 Scale Mail Armor
22:35 Horse Collar
27:40 Castle Age
25:57 Forging
26:09 Gold Mining
27:46 Long Swordsman
29:02 Iron Casting
28:44 Chain Mail Armor
28:31 Squires
29:15 Gillnets
30:54 Pikeman
32:26 Wheelbarrow
35:19 Bow Saw
36:03 Squires
42:21 Imperial Age
41:20 Chain Mail Armor
41:24 Hand Cart
42:28 Two-Handed Swordsman
44:10 Blast Furnace
43:12 Champion
linyankuang0725
4:53 Loom
12:00 Feudal Age
14:33 Double-Bit Axe
23:27 Castle Age
21:27 Horse Collar
21:49 Gold Mining
21:49 Stone Mining
23:01 Scale Barding Armor
23:07 Forging
24:54 Chain Barding Armor
26:00 Gold Shaft Mining
26:11 Bow Saw
26:21 Bloodlines
28:43 Husbandry
29:51 Wheelbarrow
4♚Dreams
10:34 Loom
17:16 Feudal Age
18:44 Double-Bit Axe
27:29 Castle Age
25:54 Gold Mining
27:11 Horse Collar
31:57 Pikeman
33:57 Wheelbarrow
34:56 Heavy Plow
35:35 Gold Shaft Mining
35:22 Bow Saw
35:32 Squires
38:29 Hand Cart
49:16 Imperial Age
48:18 Padded Archer Armor
48:08 Fletching
48:29 Forging
48:24 Scale Barding Armor
48:27 Thumb Ring
50:06 Husbandry
50:17 Bloodlines
ZEKAR8291
0:26 Loom
16:05 Feudal Age
20:42 Castle Age
23:31 Elite Skirmisher
C42
6:51 Loom
11:56 Feudal Age
12:26 Double-Bit Axe
12:22 Horse Collar
16:07 Castle Age
17:39 Bow Saw
17:29 Heavy Plow
24:52 Scale Barding Armor
26:05 Gold Mining
28:41 Bloodlines
30:47 Wheelbarrow
31:04 Chain Barding Armor
35:51 Imperial Age
34:01 Gold Shaft Mining
33:19 Stone Mining
34:42 Stone Shaft Mining
34:37 Hand Cart
35:30 Forging
36:25 Ballistics
36:58 Conscription
38:16 Plate Barding Armor
40:32 Iron Casting
40:29 Elite Shrivamsha Rider
41:10 Husbandry
44:16 Siege Elephant
46:04 Kshatriyas
46:54 Elite Chakram Thrower
47:35 Scale Mail Armor
48:48 Chain Mail Armor
49:36 Chemistry
49:59 Plate Mail Armor
Connection lost

Rejoining the realm…

Still unreachable

The connection could not be restored.

Session expired

The server has moved on; the page needs a fresh start.